| TOP OF THE 1ST |
|
Delmarva Shorebirds batting - Pitching for Lansing Lugnuts : RHP Bobby O'Connell
|
|
Pitching: RHP Bobby O'Connell
|
|
|
Batting: LHB Eric Jackson
|
0-0: Called Strike 0-1: Swinging Strike 0-2: Ball 1-2: Strikes out swinging
|
|
Batting: LHB Tim Mulholland
|
0-0: Called Strike 0-1: Ground out 6-3 (Groundball, 6M, EV 96.9 MPH)
|
|
Batting: RHB Danny Merrill
|
0-0: Ball 1-0: Called Strike 1-1: Fly out, F7 (Flyball, 7, EV 91.2 MPH)
|
| Top of the 1st over - 0 runs, 0 hits, 0 errors, 0 left on base; Delmarva 0 - Lansing 0 |
| BOTTOM OF THE 1ST |
|
Lansing Lugnuts batting - Pitching for Delmarva Shorebirds : RHP Nick Hoag
|
|
Pitching: RHP Nick Hoag
|
|
|
Batting: RHB Tokuji Kawabata
|
0-0: Called Strike 0-1: Ground out 6-3 (Groundball, 6, EV 83.1 MPH)
|
|
Batting: RHB Frank Caulfield
|
0-0: Called Strike 0-1: Called Strike 0-2: Ball 1-2: Foul Ball, location: 2F 1-2: Foul Ball, location: 2F 1-2: Ball 2-2: Strikes out looking
|
|
Batting: RHB Wade Diamond
|
0-0: Foul Ball, location: 2F 0-1: Ball 1-1: Ground out 5-3 (Groundball, 56, EV 85.0 MPH)
|
| Bottom of the 1st over - 0 runs, 0 hits, 0 errors, 0 left on base; Delmarva 0 - Lansing 0 |
| TOP OF THE 2ND |
|
Delmarva Shorebirds batting - Pitching for Lansing Lugnuts : RHP Bobby O'Connell
|
|
Batting: LHB Mike Sloan
|
0-0: Ground out 4-3 (Groundball, 4M, EV 108.8 MPH)
|
|
Batting: SHB Jorge Brito
|
0-0: Ball 1-0: Called Strike 1-1: Foul Ball, location: 2F 1-2: Foul Ball, location: 2F 1-2: SOLO HOME RUN (Flyball, 8LXD, EV 102.5 MPH), Distance : 415 ft
|
|
Batting: LHB Justin Moore
|
0-0: Swinging Strike 0-1: Ball 1-1: Ball 2-1: Ball 3-1: Foul Ball, location: 2F 3-2: Ground out 4-3 (Groundball, 4, EV 86.2 MPH)
|
|
Batting: RHB Francisco Viera
|
0-0: Ball 1-0: Foul Ball, location: 2F 1-1: Foul Ball, location: 2F 1-2: Ball 2-2: Foul Ball, location: 2F 2-2: Foul Ball, location: 2F 2-2: Ball 3-2: Base on Balls
|
|
Batting: LHB Bill Ostlund
|
0-0: Ball 1-0: Ball 2-0: Called Strike 2-1: Ball 3-1: Called Strike 3-2: Strikes out looking
|
| Top of the 2nd over - 1 run, 1 hit, 0 errors, 1 left on base; Delmarva 1 - Lansing 0 |
| BOTTOM OF THE 2ND |
|
Lansing Lugnuts batting - Pitching for Delmarva Shorebirds : RHP Nick Hoag
|
|
Batting: LHB Aaron Caron
|
0-0: Ball 1-0: Ball 2-0: Foul Ball, location: 2F 2-1: Ball 3-1: Called Strike 3-2: Strikes out swinging
|
|
Batting: RHB Brock Van Gilder
|
0-0: Called Strike 0-1: Foul Ball, location: 2F 0-2: Ball 1-2: Strikes out looking
|
|
Batting: SHB Ryan Chicoine
|
0-0: Called Strike 0-1: Called Strike 0-2: Strikes out looking
|
| Bottom of the 2nd over - 0 runs, 0 hits, 0 errors, 0 left on base; Delmarva 1 - Lansing 0 |
| TOP OF THE 3RD |
|
Delmarva Shorebirds batting - Pitching for Lansing Lugnuts : RHP Bobby O'Connell
|
|
Batting: SHB Jared Boyce
|
0-0: Ball 1-0: Ball 2-0: Ball 3-0: Called Strike 3-1: Base on Balls
|
|
Batting: LHB Eric Jackson
|
0-0: Foul Ball, location: 2F 0-1: Foul Ball, location: 2F 0-2: Foul Ball, location: 2F 0-2: Fielders Choice at 2nd, 6-4 (Groundball, 6, EV 82.5 MPH)
|
|
Batting: LHB Tim Mulholland
|
0-0: Called Strike 0-1: Ball Eric Jackson steals 2nd base 1-1: Ball 2-1: Swinging Strike 2-2: Ball 3-2: Foul Ball, location: 2F 3-2: Strikes out swinging
|
|
Batting: RHB Danny Merrill
|
0-0: Called Strike 0-1: Swinging Strike 0-2: Ball 1-2: Foul Ball, location: 2F 1-2: Ball 2-2: Fly out, F9 (Line Drive, 9, EV 98.8 MPH)
|
| Top of the 3rd over - 0 runs, 0 hits, 0 errors, 1 left on base; Delmarva 1 - Lansing 0 |
| BOTTOM OF THE 3RD |
|
Lansing Lugnuts batting - Pitching for Delmarva Shorebirds : RHP Nick Hoag
|
|
Batting: RHB Chris Martin
|
0-0: Called Strike 0-1: Ball 1-1: Foul Ball, location: 2F 1-2: Strikes out swinging
|
|
Batting: LHB Roger Escareno
|
0-0: Called Strike 0-1: SINGLE (Groundball, 4D, EV 98.1 MPH)
|
|
Batting: RHB Brian Manson
|
0-0: Ball Roger Escareno steals 2nd base 1-0: Fly out, F8 (Line Drive, 89M, EV 90.6 MPH)
|
|
Batting: RHB Tokuji Kawabata
|
0-0: Called Strike 0-1: SINGLE (Groundball, 4M, EV 106.9 MPH) (infield hit) Roger Escareno to third
|
|
Batting: RHB Frank Caulfield
|
0-0: SINGLE (Groundball, 34D, EV 96.9 MPH) Roger Escareno scores Tokuji Kawabata to second Runner from 2nd tries for 3rd, SAFE, throw by RF made to third
|
|
Batting: RHB Wade Diamond
|
0-0: Called Strike Frank Caulfield steals 2nd base 0-1: Called Strike 0-2: Ball Wild Pitch! Tokuji Kawabata scores Frank Caulfield to third 1-2: Ground out 5-3 (Groundball, 25, EV 88.1 MPH)
|
| Bottom of the 3rd over - 2 runs, 3 hits, 0 errors, 1 left on base; Delmarva 1 - Lansing 2 |
| TOP OF THE 4TH |
|
Delmarva Shorebirds batting - Pitching for Lansing Lugnuts : RHP Bobby O'Connell
|
|
Batting: LHB Mike Sloan
|
0-0: Swinging Strike 0-1: Called Strike 0-2: Strikes out swinging
|
|
Batting: SHB Jorge Brito
|
0-0: Ball 1-0: Called Strike 1-1: Ball 2-1: Fly out, F8 (Flyball, 78M, EV 86.9 MPH)
|
|
Batting: LHB Justin Moore
|
0-0: Ball 1-0: Foul Ball, location: 2F 1-1: Foul Ball, location: 2F 1-2: Strikes out looking
|
| Top of the 4th over - 0 runs, 0 hits, 0 errors, 0 left on base; Delmarva 1 - Lansing 2 |
| BOTTOM OF THE 4TH |
|
Lansing Lugnuts batting - Pitching for Delmarva Shorebirds : RHP Nick Hoag
|
|
Batting: LHB Aaron Caron
|
0-0: Ball 1-0: Called Strike 1-1: Ball 2-1: Foul Ball, location: 2F 2-2: Ball 3-2: Strikes out swinging, 2-3 out at first.
|
|
Batting: RHB Brock Van Gilder
|
0-0: Ball 1-0: Ball 2-0: Called Strike 2-1: Foul Ball, location: 2F 2-2: Foul Ball, location: 2F 2-2: Ball 3-2: Foul Ball, location: 2F 3-2: Ground out U3 (Groundball, 3S, EV 93.1 MPH)
|
|
Batting: SHB Ryan Chicoine
|
0-0: Ball 1-0: Ball 2-0: Ball 3-0: Called Strike 3-1: Foul Ball, location: 2F 3-2: Base on Balls
|
|
Batting: RHB Chris Martin
|
0-0: Ball 1-0: Ground out 5-3 (Groundball, 56S, EV 82.5 MPH)
|
| Bottom of the 4th over - 0 runs, 0 hits, 0 errors, 1 left on base; Delmarva 1 - Lansing 2 |
| TOP OF THE 5TH |
|
Delmarva Shorebirds batting - Pitching for Lansing Lugnuts : RHP Bobby O'Connell
|
|
Batting: RHB Francisco Viera
|
0-0: Foul Ball, location: 2F 0-1: Ball 1-1: Ball 2-1: Ground out 4-3 (Groundball, 4, EV 79.4 MPH)
|
|
Batting: LHB Bill Ostlund
|
0-0: Swinging Strike 0-1: Fly out, F7 (Flyball, 7, EV 85.6 MPH)
|
|
Batting: SHB Jared Boyce
|
0-0: Ball 1-0: Called Strike 1-1: Ball 2-1: Swinging Strike 2-2: Strikes out looking
|
| Top of the 5th over - 0 runs, 0 hits, 0 errors, 0 left on base; Delmarva 1 - Lansing 2 |
| BOTTOM OF THE 5TH |
|
Lansing Lugnuts batting - Pitching for Delmarva Shorebirds : RHP Nick Hoag
|
|
Batting: LHB Roger Escareno
|
0-0: SINGLE (Line Drive, 4D, EV 98.1 MPH)
|
|
Batting: RHB Brian Manson
|
0-0: Called Strike 0-1: Ball 1-1: Ball 2-1: Foul Ball, location: 2F 2-2: Strikes out swinging
|
|
Batting: RHB Tokuji Kawabata
|
0-0: Called Strike 0-1: Swinging Strike 0-2: Hit by Pitch Roger Escareno to second
|
|
Batting: RHB Frank Caulfield
|
0-0: Ball 1-0: Fielders Choice at 2nd, 4-6 (Groundball, 4M, EV 87.5 MPH) Roger Escareno to third
|
|
Batting: RHB Wade Diamond
|
0-0: Called Strike Frank Caulfield is caught stealing 2nd base 2-4
|
| Bottom of the 5th over - 0 runs, 1 hit, 0 errors, 1 left on base; Delmarva 1 - Lansing 2 |
| TOP OF THE 6TH |
|
Delmarva Shorebirds batting - Pitching for Lansing Lugnuts : RHP Bobby O'Connell
|
|
Batting: LHB Eric Jackson
|
0-0: Ball 1-0: Foul Ball, location: 2F 1-1: SINGLE (Groundball, 3D, EV 105.6 MPH)
|
|
Batting: LHB Tim Mulholland
|
0-0: Ball 1-0: Swinging Strike 1-1: Called Strike Eric Jackson is caught stealing 2nd base 2-6 1-2: Foul Ball, location: 2F 1-2: Ball 2-2: Ball 3-2: Fly out, F8 (Line Drive, 78D, EV 90.0 MPH)
|
|
Batting: RHB Danny Merrill
|
0-0: Ball 1-0: Ball 2-0: Ball 3-0: Base on Balls
|
|
Batting: LHB Mike Sloan
|
0-0: Fly out, F7 (Flyball, 7, EV 93.1 MPH)
|
| Top of the 6th over - 0 runs, 1 hit, 0 errors, 1 left on base; Delmarva 1 - Lansing 2 |
| BOTTOM OF THE 6TH |
|
Lansing Lugnuts batting - Pitching for Delmarva Shorebirds : RHP Nick Hoag
|
|
Batting: RHB Wade Diamond
|
0-0: Called Strike 0-1: Foul Ball, location: 2F 0-2: Foul Ball, location: 2F 0-2: Ball 1-2: Ball 2-2: SINGLE (Groundball, 4, EV 95.6 MPH)
|
|
Pitching: LHP Juan Becerra
|
|
|
Batting: LHB Aaron Caron
|
0-0: Ball 1-0: Foul Ball, location: 2F 1-1: SINGLE (Line Drive, 7S, EV 105.0 MPH) Wade Diamond to second
|
|
Batting: RHB Brock Van Gilder
|
0-0: Foul Ball, location: 2F 0-1: Ball 1-1: Called Strike 1-2: Ball 2-2: Foul Ball, location: 2F 2-2: Strikes out swinging
|
|
Batting: SHB Ryan Chicoine
|
0-0: Called Strike 0-1: Called Strike 0-2: Ball 1-2: Foul Ball, location: 2F 1-2: Ball 2-2: Foul Ball, location: 2F 2-2: SINGLE (Line Drive, 8LS, EV 88.1 MPH) Wade Diamond to third Aaron Caron to second
|
|
Batting: RHB Chris Martin
|
0-0: Ball 1-0: Ball 2-0: Called Strike 2-1: Ball 3-1: Called Strike 3-2: TRIPLE (Flyball, 9D, EV 94.4 MPH) Wade Diamond scores Aaron Caron scores Ryan Chicoine scores
|
|
Pinch Hitting: RHB Dylan Phillips
|
0-0: Called Strike 0-1: DOUBLE (Line Drive, 89D, EV 107.5 MPH) Chris Martin scores
|
|
Pitching: RHP Shane Kruger
|
|
|
Batting: RHB Brian Manson
|
0-0: DOUBLE (Flyball, 8LXD, EV 115.0 MPH) Dylan Phillips scores
|
|
Batting: RHB Tokuji Kawabata
|
0-0: Ground out 1-3 (Groundball, 13S, EV 64.4 MPH) Brian Manson to third
|
|
Batting: RHB Frank Caulfield
|
0-0: Ball 1-0: Foul Ball, location: 2F 1-1: Ball 2-1: Foul Ball, location: 2F 2-2: Foul Ball, location: 2F 2-2: Ball 3-2: Ground out 4-3 (Groundball, 34, EV 88.8 MPH)
|
| Bottom of the 6th over - 5 runs, 6 hits, 0 errors, 1 left on base; Delmarva 1 - Lansing 7 |
| TOP OF THE 7TH |
|
Delmarva Shorebirds batting - Pitching for Lansing Lugnuts : RHP Bobby O'Connell
|
|
Now at 2B: Dylan Phillips
|
|
|
Now at 3B: Frank Caulfield
|
|
|
Batting: SHB Jorge Brito
|
0-0: SINGLE (Groundball, 6MD, EV 103.8 MPH)
|
|
Batting: LHB Justin Moore
|
0-0: Ball 1-0: Called Strike 1-1: Grounds into double play, 6-4-3 (Groundball, 6, EV 103.1 MPH)
|
|
Batting: RHB Francisco Viera
|
0-0: Called Strike 0-1: Called Strike 0-2: Fly out, F9 (Flyball, 9, EV 90.0 MPH)
|
| Top of the 7th over - 0 runs, 1 hit, 0 errors, 0 left on base; Delmarva 1 - Lansing 7 |
| BOTTOM OF THE 7TH |
|
Lansing Lugnuts batting - Pitching for Delmarva Shorebirds : RHP Shane Kruger
|
|
Batting: RHB Wade Diamond
|
0-0: Ball 1-0: SINGLE (Groundball, 3D, EV 105.0 MPH)
|
|
Batting: LHB Aaron Caron
|
0-0: Ball Wade Diamond steals 2nd base 1-0: Called Strike 1-1: Fly out, F8 (Line Drive, 8LD, EV 91.9 MPH) Runner from 2nd tags up, SAFE at 3rd with throw by CF
|
|
Batting: RHB Brock Van Gilder
|
0-0: Called Strike 0-1: Ball 1-1: Ground out 4-3 (Groundball, 4, EV 103.8 MPH) Wade Diamond scores
|
|
Batting: SHB Ryan Chicoine
|
0-0: Called Strike 0-1: Called Strike 0-2: Foul Ball, location: 2F 0-2: Ball 1-2: Ball 2-2: Foul Ball, location: 2F 2-2: Ball 3-2: Fly out, F9 (Flyball, 89D, EV 89.4 MPH)
|
| Bottom of the 7th over - 1 run, 1 hit, 0 errors, 0 left on base; Delmarva 1 - Lansing 8 |
| TOP OF THE 8TH |
|
Delmarva Shorebirds batting - Pitching for Lansing Lugnuts : RHP Bobby O'Connell
|
|
Batting: LHB Bill Ostlund
|
0-0: Ball 1-0: SOLO HOME RUN (Flyball, 9LD, EV 96.2 MPH), Distance : 348 ft
|
|
Pitching: RHP Manny Solis
|
|
|
Batting: SHB Jared Boyce
|
0-0: Ball 1-0: Foul Ball, location: 2F 1-1: Ball 2-1: Swinging Strike 2-2: Ground out 4-3 (Groundball, 4, EV 79.4 MPH)
|
|
Batting: LHB Eric Jackson
|
0-0: Ball 1-0: Foul Ball, location: 2F 1-1: SOLO HOME RUN (Flyball, 9D, EV 107.5 MPH) (Inside the Park)
|
|
Batting: LHB Tim Mulholland
|
0-0: Ball 1-0: SINGLE (Line Drive, 9S, EV 94.4 MPH)
|
|
Batting: RHB Danny Merrill
|
0-0: Ball 1-0: Foul Ball, location: 2F 1-1: Foul Ball, location: 2F 1-2: Foul Ball, location: 2F 1-2: Ball 2-2: Grounds into double play, 4-6-3 (Groundball, 4, EV 81.9 MPH)
|
| Top of the 8th over - 2 runs, 3 hits, 0 errors, 0 left on base; Delmarva 3 - Lansing 8 |
| BOTTOM OF THE 8TH |
|
Lansing Lugnuts batting - Pitching for Delmarva Shorebirds : RHP Shane Kruger
|
|
Batting: RHB Chris Martin
|
0-0: Called Strike 0-1: Swinging Strike 0-2: DOUBLE (Flyball, 89D, EV 101.9 MPH)
|
|
Batting: RHB Dylan Phillips
|
0-0: Called Strike 0-1: Foul Ball, location: 2F 0-2: Foul Ball, location: 2F 0-2: Fly out, F8 (Flyball, 8RXD, EV 85.6 MPH) Runner from 2nd tags up, SAFE at 3rd, no throw by CF
|
|
Batting: RHB Brian Manson
|
0-0: Ball 1-0: Foul Ball, location: 2F 1-1: Ball 2-1: Foul Ball, location: 2F 2-2: TRIPLE (Flyball, 8RXD, EV 97.5 MPH) Chris Martin scores
|
|
Pitching: LHP Randy Yarrigle
|
|
|
Batting: RHB Tokuji Kawabata
|
0-0: Ball 1-0: Swinging Strike 1-1: Foul Ball, location: 2F 1-2: Foul Ball, location: 2F 1-2: Foul Ball, location: 2F 1-2: Foul Ball, location: 2F 1-2: Ball 2-2: Foul Ball, location: 2F 2-2: Ball 3-2: Foul Ball, location: 2F 3-2: SINGLE (Flyball, 9S, EV 85.0 MPH) Brian Manson scores
|
|
Pinch Hitting: RHB Scott Olson
|
0-0: Foul Ball, location: 2F 0-1: Ball 1-1: Foul Ball, location: 2F 1-2: Strikes out swinging
|
|
Pinch Hitting: RHB Taylor Peavey
|
0-0: Called Strike 0-1: Foul Ball, location: 2F 0-2: Foul Ball, location: 2F 0-2: Ball 1-2: Fly out, F8 (Flyball, 8LXD, EV 91.2 MPH)
|
| Bottom of the 8th over - 2 runs, 3 hits, 0 errors, 1 left on base; Delmarva 3 - Lansing 10 |
| TOP OF THE 9TH |
|
Delmarva Shorebirds batting - Pitching for Lansing Lugnuts : RHP Manny Solis
|
|
Now at 3B: Luis Reyes
|
|
|
Now in LF: Aaron Caron
|
|
|
Now in RF: Eddie Muniz
|
|
|
Batting: LHB Mike Sloan
|
0-0: Called Strike 0-1: Ball 1-1: Called Strike 1-2: Fly out, F8 (Flyball, 8RM, EV 86.2 MPH)
|
|
Batting: SHB Jorge Brito
|
0-0: Ground out 6-3 (Groundball, 6, EV 86.2 MPH)
|
|
Batting: LHB Justin Moore
|
0-0: Called Strike 0-1: SOLO HOME RUN (Flyball, 89XD, EV 96.2 MPH), Distance : 387 ft
|
|
Batting: RHB Francisco Viera
|
0-0: Ball 1-0: Ball 2-0: Called Strike 2-1: Foul Ball, location: 2F 2-2: SINGLE (Flyball, 89S, EV 91.9 MPH)
|
|
Batting: LHB Bill Ostlund
|
0-0: Ball 1-0: Foul Ball, location: 2F 1-1: Foul Ball, location: 2F 1-2: Strikes out swinging
|
| Top of the 9th over - 1 run, 2 hits, 0 errors, 1 left on base; Delmarva 4 - Lansing 10 |
|